Map: Galactic Process LE

Players

Elazer - Winner!

  • Race: Zerg Zerg
  • League: Master

Optimus

  • Race: Terran Terran

Event: DreamHack ZOWIE Open Valencia 2016

VOD

Have the link to the VOD?

Description

Time

  • Played on: July 14, 2016, 12:07 p.m.
  • Length: 10:28

All games in this series

Show
View Real Time Build Order
Export as new Build Order

Elazer Zerg - Winner!

Build Orders: Hatch First 

Get SALT Encoding   

  12  0:00  Drone  
  13  0:12  Overlord  
  13  0:16  Drone  
  14  0:30  Drone x2  
  14  0:34  Drone  
  17  0:51  Hatchery  
  17  0:54  Drone  
  17  0:57  Drone  
  18  1:08  Extractor  
  17  1:13  Spawning Pool  
  17  1:16  Drone  
  17  1:19  Drone  
  18  1:27  Drone  
  19  1:38  Overlord  
  19  1:59  Queen  
  19  2:00  Zergling x4  
  23  2:02  Queen  
  23  2:03  Drone  
  26  2:08  Metabolic Boost  
  26  2:11  Drone  
  26  2:14  Drone  
  28  2:23  Extractor  
  28  2:31  Hatchery  
  28  2:34  Drone  
  28  2:35  Drone  
  29  2:43  Queen  
  31  2:47  Overlord  
  31  2:53  Zergling x4  
  33  2:59  Queen  
  35  3:07  Zergling x6  
  37  3:14  Zergling x2  
  37  3:15  Zergling x4  
  40  3:20  Queen  
  40  3:26  Zergling x4  
  43  3:46  Zergling x14  
  46  3:59  Zergling x6  
  46  4:00  Zergling x2  
  50  4:03  Overlord  
  50  4:15  Zergling x2  
  49  4:21  Queen  
  53  4:26  Drone  
  53  4:27  Drone x4  
  58  4:36  Drone x2  
  58  4:43  Overlord  
  58  4:45  Extractor  
  58  4:47  Roach Warren  
  55  4:53  Drone x2  
  57  5:03  Drone x3  
  57  5:04  Drone x4  
  57  5:06  Drone  
  64  5:08  Drone  
  65  5:19  Overlord  
  62  5:24  Extractor  
  60  5:28  Overlord  
  60  5:30  Drone x3  
  60  5:31  Drone x2  
  60  5:34  Extractor  
  64  5:35  Overlord  
  64  5:40  Lair  
  64  5:41  Drone  
  64  5:42  Overlord x2  
  65  5:44  Extractor  
  65  5:45  Drone  
  65  5:47  Drone x2  
  65  5:48  Drone x2  
  65  5:49  Drone  
  70  5:55  Overlord  
  70  5:57  Drone  
  71  6:01  Roach x2  
  75  6:07  Drone x3  
  75  6:09  Roach  
  80  6:11  Roach  
  80  6:12  Roach x3  
  80  6:14  Roach  
  90  6:23  Roach x2  
  90  6:24  Roach x2  
  90  6:25  Overlord  
  98  6:32  Roach  
  100  6:35  Overlord  
  100  6:38  Glial Reconstitution  
  100  6:42  Drone x2  
  100  6:43  Evolution Chamber  
  100  6:44  Drone x3  
  100  6:45  Drone x2  
  106  6:56  Overlord  
  106  6:57  Roach x4  
  106  6:59  Ravager x3  
  106  7:00  Ravager  
  118  7:04  Overlord  
  118  7:07  Overlord  
  118  7:08  Drone x2  
  120  7:11  Zerg Missile Weapons Level 1  
  120  7:14  Overlord  
  120  7:16  Drone x2  
  120  7:18  Drone, Extractor  
  120  7:19  Drone  
  123  7:23  Drone  
  123  7:24  Drone x2  
  123  7:27  Infestation Pit  
  125  7:34  Overlord  
  125  7:37  Overlord  
  125  7:39  Evolution Chamber, Drone x2  
  125  7:40  Drone x2  
  125  7:43  Overlord  
  126  7:47  Roach x3  
  128  7:59  Overlord  
  128  8:06  Infestor x4  
  128  8:12  Overlord  
  134  8:13  Roach x2  
  134  8:17  Roach x7  
  148  8:28  Zerg Ground Armor Level 1  
  148  8:29  Overlord  
  147  8:41  Tunneling Claws  
  146  8:42  Burrow, Overlord  
  146  8:53  Roach x3, Hatchery  
  146  8:54  Roach x4  
  159  9:07  Roach x7  
  173  9:15  Ravager  
  166  9:25  Roach x6  
  171  9:31  Ravager  
  162  9:40  Ravager  
  162  9:41  Ravager  
  162  9:42  Zergling x14  
  162  9:43  Zergling x12  
  162  9:44  Ravager  
  178  9:47  Roach x22  
  178  9:52  Roach x16  
  170  9:57  Roach x10  
  160  10:01  Roach  
  160  10:02  Roach x5  
Show
View Real Time Build Order
Export as new Build Order

Optimus Terran 

Build Orders: MMM Bio 

Get SALT Encoding   

  12  0:00  SCV  
  13  0:12  SCV  
  14  0:17  Supply Depot  
  14  0:25  SCV  
  15  0:38  SCV  
  15  0:40  Barracks  
  16  0:43  Refinery  
  16  0:51  SCV  
  17  1:00  Barracks  
  17  1:04  SCV  
  18  1:16  Barracks  
  18  1:27  Reaper  
  19  1:33  Orbital Command  
  19  1:40  Refinery  
  19  1:47  Reaper  
  20  1:55  Supply Depot  
  20  2:04  Reaper  
  20  2:05  SCV  
  22  2:13  Reaper  
  23  2:18  SCV  
  24  2:23  Reaper  
  25  2:30  SCV  
  25  2:36  Reaper  
  27  2:42  SCV  
  28  2:45  Reaper  
  28  2:47  Supply Depot  
  29  2:54  SCV  
  29  2:55  Reaper  
  31  3:09  SCV, Reaper  
  33  3:17  Reaper  
  34  3:21  Supply Depot, SCV  
  35  3:28  Reaper  
  35  3:33  SCV  
  37  3:41  Reaper  
  36  3:49  SCV, Command Center  
  36  3:52  Factory  
  37  4:02  SCV  
  39  4:03  Reaper  
  39  4:09  Supply Depot  
  40  4:13  Reaper  
  40  4:14  SCV  
  40  4:15  Barracks Tech Lab  
  40  4:26  SCV  
  41  4:34  Marine  
  41  4:35  Stimpack, Marine  
  41  4:38  SCV  
  44  4:45  Marine  
  44  4:47  Starport  
  44  4:50  SCV  
  44  4:52  Marine  
  47  4:53  Supply Depot, Marine  
  47  4:56  Factory Reactor  
  48  5:02  Orbital Command  
  48  5:03  Marine  
  49  5:09  SCV  
  49  5:10  Marine  
  49  5:11  Marine  
  52  5:21  SCV  
  53  5:23  Orbital Command  
  53  5:28  Marine  
  55  5:35  Barracks Reactor x2  
  54  5:36  SCV  
  54  5:37  Factory Tech Lab  
  55  5:44  Barracks x2  
  55  5:45  Marine  
  55  5:48  SCV  
  57  5:56  Medivac  
  58  5:57  Refinery  
  58  6:00  SCV, Medivac  
  58  6:02  SCV  
  61  6:09  Engineering Bay  
  61  6:12  SCV, Marine  
  61  6:13  Marine x3  
  61  6:14  SCV  
  70  6:18  Siege Tank  
  70  6:19  Marine  
  70  6:25  SCV  
  72  6:29  Refinery  
  72  6:30  Marine  
  72  6:31  Marine  
  76  6:38  Marine x2, Terran Infantry Weapons Level 1  
  76  6:39  Marine  
  77  6:40  Barracks Reactor  
  77  6:42  Supply Depot  
  77  6:44  Barracks Reactor  
  77  6:45  Supply Depot  
  77  6:48  SCV x2  
  77  6:49  Marine x2  
  81  6:56  Marine  
  81  6:57  Siege Tank  
  81  6:58  Marine  
  86  7:03  Supply Depot  
  86  7:04  Marine  
  86  7:06  Marine  
  88  7:08  Supply Depot  
  88  7:25  Marine x6, Combat Shields  
  88  7:29  Medivac, Siege Tank  
  99  7:36  Medivac  
  100  7:38  Supply Depot  
  100  7:48  Marine x8  
  106  7:58  Marine  
  106  7:59  Medivac  
  106  8:01  Siege Tank  
  112  8:06  Marine x3  
  112  8:10  Marine x5  
  119  8:15  Supply Depot  
  119  8:16  Marine  
  120  8:20  Medivac  
  120  8:24  Marine  
  120  8:29  Marine x4, Medivac  
  126  8:36  Marine, Siege Tank  
  130  8:43  Supply Depot  
  130  8:50  Marine, Medivac  
  130  8:51  Marine  
  134  9:01  Supply Depot  
  134  9:04  Marine x2, Medivac  
  134  9:06  Marine x4  
  136  9:24  Marine x4  
  136  9:29  Siege Tank  
  136  9:41  Marine x4  
  136  9:42  Marine x2  
  136  9:43  Marine x3  
  132  9:59  Marine x5  
  134  10:02  Marine x4  
  134  10:04  Supply Depot  

Tags
 
Add a new tag
Caveats
  • Supply blocks, unpowered buildings, or Contaminate may cause inaccurate times.
  • Supply counts are checked every 10 seconds.